[Event "Team 45 45 League T66"]
[Site "Internet Chess Club"]
[Date "2015.10.10"]
[Round "6"]
[White "parrot9"]
[Black "sdcohle"]
[Result "1-0"]
[WhiteElo "1629"]
[BlackElo "1417"]
[Opening "French: Tarrasch"]
[ECO "C03"]
[Time "14:40:43"]
[TimeControl "2700+45"]

1. e4 e6 2. d4 d5 3. Nd2 dxe4 4. Nxe4 Nc6 5. Nf3 Nf6 6. Nxf6+ Qxf6 7. Bd3 h6 8.
Be3 Bd6 9. Qe2 e5 10. dxe5 Bxe5 11. Nxe5 Qxe5 12. O-O-O O-O 13. Qf3 Nb4 14. Bc4
Be6 15. Bxe6 Qxe6 16. a3 Nc6 17. Kb1 b6 18. Bf4 Rac8 19. Rhe1 Qf6 20. Qg3 Nd4
21. Be5 Nf5 22. Bxf6 Nxg3 23. Be7 Nf5 24. Bxf8 Kxf8 25. Rd7 h5 26. h3 a5 27. g4
hxg4 28. hxg4 Nd6 29. Ree7 Re8 30. Rxe8+ Nxe8 31. g5 g6 32. Kc1 Kg7 33. Kd2 Kf8
34. Ke3 Kg7 35. Kd4 Nd6 36. Kd5 Ne8 37. Rd8 Kf8 38. Kc6 Ke7 39. Rxe8+ Kxe8 40.
Kxc7 f6 41. gxf6 Kf7 42. Kxb6 Kxf6 43. c4 Kf5 44. c5 Kf4 45. c6 Kf3 46. c7 Kxf2
47. c8=Q g5 48. Qg4 a4 49. Qxg5 Kf3 50. Qa5 Ke3 51. Qxa4 Kd3 52. Qb5+ Kd4 53.
Qc5+ Kd3 54. a4 Ke4 55. a5 {Black resigns} 1-0

[Event "Team 45 45 League T66"]
[Site "Internet Chess Club"]
[Date "2015.10.11"]
[Round "6"]
[White "dabodhi"]
[Black "PsyMar"]
[Result "1/2-1/2"]
[WhiteElo "1393"]
[BlackElo "1366"]
[Opening "French: Winawer (Nimzovich) variation"]
[ECO "C15"]
[Time "15:01:48"]
[TimeControl "2700+45"]

1. e4 e6 2. d4 d5 3. Nc3 Bb4 4. Bd3 Ne7 5. Qg4 dxe4 6. Qxe4 f5 7. Qe5 O-O 8. Nf3
Nbc6 9. Qg3 Nd5 10. Bh6 Qf6 11. Bg5 Qf7 12. Bd2 Bd6 13. Ne5 Nxe5 14. dxe5 Bc5
15. O-O-O Bd7 16. f4 a6 17. Rhe1 Nxc3 18. Bxc3 Bb5 19. Qf3 Bc6 20. Qg3 Bb5 21.
Qf3 Bc6 22. Qg3 Bb5 {Game drawn by repetition} 1/2-1/2

[Event "Team 45 45 League T66"]
[Site "Internet Chess Club"]
[Date "2015.10.11"]
[Round "6"]
[White "skuhl99"]
[Black "Invicta-Knight"]
[Result "0-1"]
[WhiteElo "1493"]
[BlackElo "1524"]
[Opening "English: symmetrical, main line with d3"]
[ECO "A05"]
[Time "07:00:25"]
[TimeControl "2700+45"]

1. Nf3 Nf6 2. c4 g6 3. g3 Bg7 4. Bg2 O-O 5. O-O c5 6. d3 Nc6 7. Nc3 b6 8. Rb1
Rb8 9. a3 Bb7 10. b4 d6 11. b5 Ne5 12. Nxe5 Bxg2 13. Kxg2 dxe5 14. Bb2 Qc7 15.
Qd2 Rbd8 16. Qc2 Rd7 17. Ne4 Rfd8 18. Nxf6+ exf6 19. Rfd1 Qb7+ 20. Kg1 Bh6 21.
Bc1 Bg7 22. Bb2 h5 23. h3 Kh7 24. a4 Bh6 25. Bc1 f5 26. Bxh6 Kxh6 27. Qc3 f6 28.
a5 g5 29. axb6 axb6 30. f3 Kg6 31. Kf2 e4 32. Rb3 exf3 33. e3 Ra8 34. Ra3 Rxa3
35. Qxa3 Qb8 36. d4 h4 37. gxh4 Qh2+ 38. Kxf3 Qxh3+ 39. Ke2 Qg2+ 40. Kd3 Qe4+
41. Ke2 Qxh4 42. d5 Qxc4+ {White resigns} 0-1

[Event "Team 45 45 League T66"]
[Site "Internet Chess Club"]
[Date "2015.10.10"]
[Round "6"]
[White "BrerRabbit"]
[Black "PaulRichard"]
[Result "1/2-1/2"]
[WhiteElo "1453"]
[BlackElo "1637"]
[Opening "Réti opening"]
[ECO "A05"]
[Time "19:02:59"]
[TimeControl "2700+45"]

1. Nf3 Nf6 2. g3 d5 3. Bg2 c6 4. O-O Bf5 5. d3 e6 6. Nbd2 h6 7. b3 Be7 8. Bb2
O-O 9. Qe1 Bh7 10. e4 a5 11. a3 Nbd7 12. Ne5 Nxe5 13. Bxe5 Nd7 14. Bb2 dxe4 15.
Bxe4 Bxe4 16. Qxe4 Nf6 17. Qe2 Qd5 18. Nc4 Nd7 19. Rae1 b5 20. Nd2 Bf6 21. Bxf6
Nxf6 {Game drawn by mutual agreement} 1/2-1/2

[Event "Team 45 45 League T66"]
[Site "Internet Chess Club"]
[Date "2015.10.08"]
[Round "6"]
[White "GideonL"]
[Black "bardu"]
[Result "1-0"]
[WhiteElo "1476"]
[BlackElo "1313"]
[Opening "Four knights: Italian variation"]
[ECO "C47"]
[Time "16:02:58"]
[TimeControl "2700+45"]

1. e4 e5 2. Nf3 Nc6 3. Nc3 Nf6 4. Bc4 Nxe4 5. Nxe4 d5 6. Bxd5 Qxd5 7. Nc3 Qd8 8.
O-O Bd6 9. d4 exd4 10. Re1+ Be7 11. Nb5 O-O 12. Nbxd4 Nxd4 13. Nxd4 c5 14. Nf3
Bf6 15. c3 b6 16. Bf4 Bb7 17. Ne5 Re8 18. Qb3 Bd5 19. c4 Bb7 20. Rad1 Qc8 21.
Qg3 Qf5 22. Rd7 Bxe5 23. Bxe5 Rxe5 24. Qxe5 Qxd7 25. h3 Qc6 26. f3 h6 27. Qf4
Re8 28. Rd1 Qe6 29. Kh1 Bc6 30. Rd6 Qe1+ 31. Kh2 Rc8 32. Rd2 b5 33. Qf5 Qe8 34.
Qxc5 bxc4 35. Qxc4 Bxf3 36. Qd4 Bh5 37. Qxa7 Ra8 38. Qc5 Qb8+ 39. Qd6 Qxd6+ 40.
Rxd6 Rxa2 41. Rd2 Ra1 42. Rf2 Rb1 43. Rd2 Kf8 44. g4 Bg6 45. Re2 Bd3 46. Rd2 Bb5
47. Kg2 Ke7 48. Kf3 Ke6 49. h4 Ke5 50. h5 Rf1+ 51. Kg2 Kf4 52. Rd4+ Ke3 53. Rb4
Bc6+ 54. Kxf1 {Black resigns} 1-0

[Event "Team 45 45 League T66"]
[Site "Internet Chess Club"]
[Date "2015.10.07"]
[Round "6"]
[White "PsyMar"]
[Black "sdcohle"]
[Result "1-0"]
[WhiteElo "1368"]
[BlackElo "1425"]
[Opening "French: Steinitz, Boleslavsky variation"]
[ECO "C11"]
[Time "21:30:47"]
[TimeControl "2700+45"]

1. e4 e6 2. d4 d5 3. Nc3 Nf6 4. e5 Nfd7 5. f4 c5 6. Nf3 Nc6 7. Be3 Qb6 8. Na4
Qa5+ 9. c3 cxd4 10. Nxd4 Nxd4 11. Bxd4 b5 12. b4 Qxa4 13. Qg4 Qc2 14. Bxb5 Qe4+
15. Be2 a6 16. O-O Qg6 17. Qf3 Be7 18. Bd3 f5 19. exf6 Qf7 20. fxe7 Qxe7 21.
Qh5+ Qf7 22. Qxf7+ Kxf7 23. Rae1 Nf6 24. f5 Re8 25. fxe6+ Rxe6 26. Rxe6 Bxe6 27.
Bxh7 Ke7 28. Bd3 Bc8 29. Re1+ Kf7 30. c4 Bb7 31. cxd5 Bxd5 32. a3 Bb7 33. Bxf6
gxf6 34. Be4 Bxe4 35. Rxe4 Rd8 36. Kf2 Rd2+ 37. Re2 Rd3 38. Re3 Rd2+ 39. Kf3 Rd4
40. g4 Kg6 41. h4 Rd6 42. Rc3 Kh6 43. Kf4 Kg6 44. h5+ Kh6 45. Rc5 Re6 46. Kf5
Rd6 47. Ra5 Rb6 48. Kf4 Kg7 49. g5 fxg5+ 50. Kxg5 Kh7 51. Kf4 Kh6 52. Ke4 Re6+
53. Kd4 Rf6 54. Kc4 Re6 55. Rd5 Rc6+ 56. Kd4 Rc1 57. Rd6+ Kxh5 58. Rxa6 Kg4 59.
b5 Rb1 60. b6 Kf4 61. Ra4 Rxb6 62. Kc5+ Ke5 63. Kxb6 Kd6 64. Rc4 Kd7 65. Rc6 Kd8
66. Rc7 Ke8 67. Kc6 Kd8 68. Ra7 Ke8 69. Kd6 Kf8 70. Ke6 Kg8 71. Kf6 Kh8 72. Kg6
Kg8 73. Ra8# {Black checkmated} 1-0

[Event "Team 45 45 League T66"]
[Site "Internet Chess Club"]
[Date "2015.10.11"]
[Round "6"]
[White "unclevinny"]
[Black "houseofcook"]
[Result "1-0"]
[WhiteElo "1592"]
[BlackElo "1423"]
[Opening "French: advance variation"]
[ECO "C02"]
[Time "14:00:27"]
[TimeControl "2700+45"]

1. e4 e6 2. d4 d5 3. e5 c5 4. c3 Qb6 5. Nf3 Nc6 6. Be2 cxd4 7. cxd4 Nge7 8. b3
Nf5 9. Bb2 Bb4+ 10. Kf1 O-O 11. a3 Be7 12. b4 a6 13. Qd3 Bd7 14. g4 Nh4 15. Nxh4
Bxh4 16. Kg2 Rac8 17. Nd2 Be7 18. Bc3 f6 19. Nf3 fxe5 20. dxe5 Rf4 21. Kg3 Rcf8
22. Bd2 Re4 23. Be3 Qd8 24. Nd2 Nxe5 25. Qb3 Bd6 26. Nxe4 Ng6+ 27. Nxd6 Qc7 28.
Kg2 Qxd6 29. h4 Nf4+ 30. Bxf4 Qxf4 31. Qf3 Qd4 32. Qe3 Qf6 33. Rac1 Bc6 34. f3
d4 35. Qd3 e5 36. Rcf1 Qf4 37. Kh3 Bb5 38. Qb3+ Kh8 39. Bxb5 axb5 40. Qd3 Qf7
41. Kg2 Qd5 42. Rc1 Qe6 43. Rc5 g6 44. Rhc1 Qf7 45. Rxe5 Qf4 46. Re4 Qxc1 47.
Qxd4+ Kg8 48. Re7 Qc2+ 49. Kg3 Rf7 50. Re8+ Rf8 51. Qd5+ Kg7 52. Qe5+ Kg8 53.
Qe6+ Kg7 54. Qe7+ Rf7 55. Qe5+ Kh6 56. g5+ Kh5 57. Qe4 Qc7+ 58. Re5 Re7 59. Qg4#
{Black checkmated} 1-0

[Event "Team 45 45 League T66"]
[Site "Internet Chess Club"]
[Date "2015.10.09"]
[Round "6"]
[White "mongmong"]
[Black "KidRattler"]
[Result "0-1"]
[WhiteElo "1621"]
[BlackElo "1739"]
[Opening "Queen's pawn game"]
[ECO "D05"]
[Time "19:28:34"]
[TimeControl "2700+45"]

1. d4 Nf6 2. Nf3 e6 3. e3 d5 4. Bd3 b6 5. Nbd2 Nbd7 6. O-O Bb7 7. b3 Rc8 8. Bb2
Bd6 9. c4 c5 10. Qe2 Ne4 11. Rfc1 f5 12. Rc2 Ndf6 13. Rac1 O-O 14. cxd5 Bxd5 15.
Nc4 Ng4 16. Nxd6 Qxd6 17. Rf1 Nexf2 18. h3 Bxf3 19. hxg4 Bxe2 20. Bxe2 Nxg4 21.
Bxg4 fxg4 {White resigns} 0-1

[Event "Team 45 45 League T66"]
[Site "Internet Chess Club"]
[Date "2015.10.12"]
[Round "6"]
[White "Arawn"]
[Black "guyd52"]
[Result "1-0"]
[WhiteElo "1330"]
[BlackElo "1331"]
[Opening "Pirc: classical system, 5.Be2"]
[ECO "B07"]
[Time "20:00:37"]
[TimeControl "2700+45"]

1. e4 d6 2. d4 g6 3. Nc3 Bg7 4. Nf3 Nf6 5. Be2 Nbd7 6. O-O O-O 7. e5 dxe5 8.
dxe5 Ng4 9. e6 Nde5 10. Qxd8 Rxd8 11. Nb5 Bxe6 12. Nxc7 Rac8 13. Nxe6 fxe6 14.
c3 Nc6 15. Ng5 Nf6 16. Nxe6 Rd5 17. Bc4 Re5 18. Bf4 Rh5 19. Nxg7+ Kxg7 20. Be2
Rf5 21. Bg3 Ne4 22. Bg4 e6 23. Bxf5 exf5 24. Rfe1 Rd8 25. Rad1 Rf8 26. Rd7+ Rf7
27. Rxf7+ Kxf7 28. Rd1 Ke6 29. Re1 Kf6 30. f4 h6 31. Bh4+ g5 32. fxg5+ hxg5 33.
Bf2 Nc5 34. Bxc5 {Black resigns} 1-0

[Event "Team 45 45 League T66"]
[Site "Internet Chess Club"]
[Date "2015.10.11"]
[Round "6"]
[White "JohLeb"]
[Black "Just-Jim"]
[Result "1-0"]
[WhiteElo "1344"]
[BlackElo "1294"]
[Opening "QGD: semi-Slav"]
[ECO "D10"]
[Time "12:56:55"]
[TimeControl "2700+45"]

1. d4 d5 2. c4 c6 3. Nc3 e6 4. Nf3 f5 5. Bf4 Bd6 6. Ne5 Nf6 7. c5 Bxe5 8. Bxe5
O-O 9. e3 Ne4 10. Nxe4 fxe4 11. Qg4 Rf7 12. Be2 Qa5+ 13. Kf1 Qd2 14. b3 Qxe3 15.
Qh4 g5 16. Qg3 Qxg3 17. hxg3 Nd7 18. Bh5 Rf5 19. g4 Rf8 20. Bd6 Rf6 21. Be7 Rf4
22. Bxg5 Rf8 23. Ke2 Nf6 24. f3 exf3+ 25. gxf3 Bd7 26. Bh6 Rfc8 27. Rag1 Nxh5
28. gxh5+ Kf7 29. Rg7+ Ke8 30. Rhg1 e5 31. dxe5 Bf5 32. Rxb7 Be6 33. Rgg7 Kd8
34. Bg5+ Ke8 35. Rge7+ Kf8 36. Rxe6 Re8 37. Rxe8+ Rxe8 38. f4 Kg8 39. Rxa7 Re6
40. Kd3 h6 41. Bf6 Re8 42. Rc7 Rb8 43. Kc3 Ra8 44. Kb2 Rf8 45. Rxc6 Rf7 46. b4
Rd7 47. Rd6 {Black resigns} 1-0

[Event "Team 45 45 League T66"]
[Site "Internet Chess Club"]
[Date "2015.10.08"]
[Round "6"]
[White "jjaillet2007"]
[Black "mongmong"]
[Result "0-1"]
[WhiteElo "1297"]
[BlackElo "1633"]
[Opening "Nimzo-Indian: Leningrad variation"]
[ECO "E30"]
[Time "19:17:04"]
[TimeControl "2700+45"]

1. d4 e6 2. c4 Nf6 3. Nc3 Bb4 4. Bg5 c5 5. a3 Bxc3+ 6. bxc3 Qa5 7. Nf3 Qxc3+ 8.
Bd2 Qb2 9. Qc1 Qxc1+ 10. Bxc1 d6 11. Bb2 Nbd7 12. dxc5 dxc5 13. e3 b6 14. Bd3
Bb7 15. O-O O-O 16. Ne5 Rfd8 17. Rad1 Nxe5 18. Bxe5 Nd7 19. Ba1 h6 20. f3 f6 21.
f4 Kf8 22. g3 Ke7 23. e4 Nf8 24. e5 f5 25. h4 Rd7 26. Kh2 Rad8 27. Bc2 Rxd1 28.
Rxd1 Ba6 29. Rxd8 Kxd8 30. Bd3 Nd7 31. Kh3 h5 32. Be2 g6 33. Bc3 Kc7 34. a4 Bb7
35. a5 Be4 36. Kh2 Nb8 37. axb6+ axb6 38. Kg1 Nc6 39. Kf2 Kb7 40. Bf3 Bxf3 41.
Kxf3 Ka6 42. Ke3 b5 43. cxb5+ Kxb5 44. Kd3 Nb4+ 45. Kd2 Nd5 46. Kd3 c4+ 47. Kd4
Nxc3 48. Kxc3 Kc5 49. Kc2 Kd4 50. Kd2 c3+ 51. Kc2 Kc4 52. Kc1 Kd3 53. Kd1 Ke3
54. Kc2 Kf3 55. Kxc3 Kxg3 56. Kc4 Kxh4 57. Kc5 Kg4 58. Kd6 h4 59. Kxe6 h3 60.
Kf6 h2 61. e6 h1=Q 62. e7 Qe1 63. Kf7 Kxf4 64. e8=Q Qxe8+ 65. Kxe8 g5 66. Kf7 g4
67. Kf6 g3 {White resigns} 0-1

[Event "Team 45 45 League T66"]
[Site "Internet Chess Club"]
[Date "2015.10.11"]
[Round "6"]
[White "stantheman59"]
[Black "Just-Jim"]
[Result "1/2-1/2"]
[WhiteElo "1227"]
[BlackElo "1291"]
[Opening "Réti: Nimzovich-Larsen attack"]
[ECO "A06"]
[Time "18:34:21"]
[TimeControl "2700+45"]

1. Nf3 d5 2. b3 c5 3. g3 e6 4. Bb2 f5 5. d4 Nf6 6. Bg2 Nc6 7. c3 cxd4 8. Nxd4
Bc5 9. Nxc6 bxc6 10. c4 O-O 11. O-O Ne4 12. Bxe4 fxe4 13. e3 Qg5 14. Qd2 Ba6 15.
Qa5 Bc8 16. Qxc5 Bd7 17. Qd4 Rae8 18. Nc3 e5 19. Qd1 Bh3 20. f4 exf3 21. Rxf3
Rxf3 22. Qxf3 Bg4 23. Qg2 Qxe3+ 24. Qf2 Qxf2+ 25. Kxf2 d4 26. Ne4 Rf8+ 27. Ke1
Rf3 28. Nf2 Bh5 29. g4 Bg6 30. h3 h5 31. gxh5 Bxh5 32. Ba3 Re3+ 33. Kf1 Be2+ 34.
Kg2 Bh5 35. Rb1 Bg6 36. Rb2 a5 37. Bc5 Kf7 38. Ng4 Be4+ 39. Kh2 Re1 40. Nxe5+
Ke6 41. Bxd4 Rd1 42. Bc3 Rc1 43. Nxc6 Bxc6 44. Bxa5 Rh1+ 45. Kg3 Rg1+ 46. Kh2
Rg5 47. b4 Kd7 48. b5 Bf3 49. h4 Rh5 50. Kg3 Be4 51. Rd2+ Kc8 52. Kg4 Rc5 53.
Rd4 Bf5+ 54. Kf4 Be6 55. Bb4 Rxc4 56. Rxc4+ Bxc4 57. a4 Kd7 58. Ke5 Kc7 {Game
drawn by mutual agreement} 1/2-1/2

[Event "Team 45 45 League T66"]
[Site "Internet Chess Club"]
[Date "2015.10.09"]
[Round "6"]
[White "bhandelman"]
[Black "rhayder"]
[Result "0-1"]
[WhiteElo "1294"]
[BlackElo "1361"]
[Opening "English, 1...Nf6 (Anglo-Indian defense)"]
[ECO "A15"]
[Time "00:05:56"]
[TimeControl "2700+45"]

1. c4 Nf6 2. g3 g6 3. Bg2 Bg7 4. e4 d6 5. Nc3 O-O 6. Nge2 c5 7. d3 Nc6 8. Be3
Ng4 9. Bd2 Nge5 10. O-O Nxd3 11. b3 Nde5 12. f4 Nd7 13. f5 Nd4 14. fxg6 fxg6 15.
Nf4 Ne5 16. Qc1 Ne6 17. Nxe6 Bxe6 18. Bh6 Rxf1+ 19. Bxf1 Ng4 20. Bxg7 Kxg7 21.
h3 Ne5 22. Be2 Bxh3 23. Nd5 Bg4 24. Bf1 Bf3 25. Qe3 Qd7 26. Nf4 Qg4 27. Qe1 Rf8
28. Bh3 Nd3 29. Ne6+ Qxe6 30. Qc3+ Qf6 31. Qxd3 Qxa1+ 32. Bf1 Qd4+ 33. Qxd4+
cxd4 34. Kf2 Bxe4+ 35. Ke1 d3 36. Bh3 Rf3 37. Bg4 Rxg3 38. Bd1 Rg2 {White
resigns} 0-1

[Event "Team 45 45 League T66"]
[Site "Internet Chess Club"]
[Date "2015.10.09"]
[Round "6"]
[White "chips"]
[Black "wildangels"]
[Result "1/2-1/2"]
[WhiteElo "1181"]
[BlackElo "1076"]
[Opening "Queen's pawn game"]
[ECO "D04"]
[Time "10:00:11"]
[TimeControl "2700+45"]

1. Nf3 Nf6 2. d4 d5 3. e3 Nc6 4. Bb5 Bd7 5. Bf1 e6 6. g3 Bd6 7. Bg2 O-O 8. O-O
Ne7 9. Nbd2 Nf5 10. c4 c6 11. c5 Bc7 12. a3 b6 13. b4 b5 14. a4 a6 15. axb5 axb5
16. Rxa8 Qxa8 17. Bb2 Ne7 18. Qa1 Qxa1 19. Bxa1 Ng6 20. Bb2 Re8 21. Ra1 h6 22.
Ra7 Rc8 23. Bf1 e5 24. dxe5 Ne4 25. Nb3 Be6 26. Nbd4 Bg4 27. Kg2 Bd8 28. h3
Bxf3+ 29. Nxf3 Be7 30. Bd3 Rf8 31. Rc7 f6 32. exf6 Bxf6 33. Bxf6 Rxf6 34. Bxe4
dxe4 35. Nd4 Ne5 36. g4 Nd3 37. Nf5 Nxb4 38. Nxg7 Nd5 39. Ra7 b4 40. Nf5 b3 41.
Rb7 h5 42. Rxb3 hxg4 43. hxg4 Rf8 44. Nh6+ Kh7 45. Nf5 Kg6 46. Nh4+ Kg5 47. Kg3
Nf6 48. f3 Re8 49. f4+ Kh6 50. g5+ Kg7 51. Nf5+ Kg6 52. Nh4+ Kg7 53. Nf5+ Kg6
54. Nh4+ Kg7 {Game drawn by repetition} 1/2-1/2

[Event "Team 45 45 League T66"]
[Site "Internet Chess Club"]
[Date "2015.10.13"]
[Round "6"]
[White "Electryon"]
[Black "Andaluz"]
[Result "1/2-1/2"]
[WhiteElo "1380"]
[BlackElo "1351"]
[Opening "Queen's pawn game, Darooha variation "]
[ECO "D02"]
[Time "14:01:16"]
[TimeControl "2700+45"]

1. d4 d5 2. Nf3 Nf6 3. g3 g6 4. b3 Bg7 5. Bb2 c6 6. Bg2 Bg4 7. Ne5 Bf5 8. c4 O-O
9. O-O Ng4 10. Nxg4 Bxg4 11. cxd5 cxd5 12. Nc3 Be6 13. Rc1 Na6 14. a3 Nc7 15. e3
Qd7 16. Na4 b6 17. Qc2 Rac8 18. Qc6 Rfd8 19. Qxd7 Bxd7 20. Nc3 e6 21. Rc2 Ne8
22. Rfc1 Nd6 23. a4 a6 24. Ba3 Bf8 25. Nb1 Rxc2 26. Rxc2 Rc8 27. Rxc8 Bxc8 28.
Bf1 Be7 29. Nd2 Bf8 30. Be2 Bb7 31. f3 f5 32. Bb2 Bh6 33. f4 Bg7 34. Bd3 Kf7 35.
Nf3 Kg8 36. Ne5 Bxe5 37. dxe5 Ne4 38. Bxe4 dxe4 39. Bd4 b5 40. axb5 axb5 41. Kf2
Kf7 42. Ke2 Bd5 43. b4 Ke8 44. Kf2 Kf7 45. Kg2 Kg8 46. Kh3 Bc6 47. Kh4 h6 48. h3
h5 49. g4 hxg4 50. hxg4 Bd7 51. gxf5 gxf5 52. Kg5 Kf7 53. Bc5 Bc6 {Game drawn by
mutual agreement} 1/2-1/2

[Event "Team 45 45 League T66"]
[Site "Internet Chess Club"]
[Date "2015.10.09"]
[Round "6"]
[White "SeniorCitizen"]
[Black "Aquaman"]
[Result "1/2-1/2"]
[WhiteElo "1385"]
[BlackElo "1307"]
[Opening "Danish gambit"]
[ECO "C21"]
[Time "15:00:33"]
[TimeControl "2700+45"]

1. e4 e5 2. d4 exd4 3. c3 dxc3 4. Bc4 Nf6 5. e5 Ne4 6. Qd5 Qe7 7. Qxe4 Nc6 8.
Nf3 d6 9. O-O f5 10. Qe2 Be6 11. Bxe6 Qxe6 12. Re1 O-O-O 13. Nxc3 d5 14. Bf4 h6
15. Rad1 g5 16. Bc1 f4 17. Nd4 Nxd4 18. Rxd4 Bc5 19. Ra4 Kb8 20. b4 Bb6 21. Bb2
g4 22. g3 fxg3 23. hxg3 Rhf8 24. Nd1 Rf3 25. Ra3 Rff8 26. Rd3 h5 27. Bd4 Bxd4
28. Rxd4 Rh8 29. Kg2 h4 30. Rxg4 h3+ 31. Kh2 d4 32. Rf4 d3 33. Qd2 Rhe8 34. Rh4
Rd5 35. Rxh3 Rxe5 36. Rxe5 Qxe5 37. Ne3 Qd4 38. Rh4 Qd7 39. Rf4 b6 40. Rc4 Rh8+
41. Kg1 Qh3 42. Rh4 Rxh4 43. gxh4 Qxh4 44. Qxd3 Qg5+ 45. Ng2 Qc1+ 46. Kh2 Qh6+
47. Qh3 Qd6+ 48. f4 Qxb4 49. Qh8+ Kb7 50. Qe5 Qf8 51. Qe4+ Kb8 52. Kg3 Qa3+ 53.
Ne3 Qxa2 54. Qe8+ Kb7 55. Qe4+ Kb8 56. Qe8+ Kb7 57. Qe4+ Kb8 58. Qe8+ Kb7 59.
Qe4+ Kb8 60. Qe8+ {Game drawn by repetition} 1/2-1/2

[Event "Team 45 45 League T66"]
[Site "Internet Chess Club"]
[Date "2015.10.09"]
[Round "6"]
[White "RobertBuice"]
[Black "Brazuka"]
[Result "0-1"]
[WhiteElo "1154"]
[BlackElo "1129"]
[Opening "King's Indian, 3.Nf3"]
[ECO "E61"]
[Time "19:02:39"]
[TimeControl "2700+45"]

1. d4 Nf6 2. c4 g6 3. Nf3 Bg7 4. Nc3 O-O 5. Bg5 c6 6. e3 d5 7. Qc2 dxc4 8. Bxc4
b5 9. Bd3 b4 10. Ne4 Nbd7 11. Qxc6 Rb8 12. Qc4 Bb7 13. Nxf6+ exf6 14. Bf4 Nb6
15. Qxb4 Nd5 16. Qxf8+ Bxf8 17. Bxb8 Qxb8 18. Rc1 Nb4 19. Bc4 Bd5 20. O-O Bxc4
21. Rxc4 Nd3 22. b3 a5 23. Rd1 Nb2 {White resigns} 0-1

[Event "Team 45 45 League T66"]
[Site "Internet Chess Club"]
[Date "2015.10.15"]
[Round "6"]
[White "oldbookseller"]
[Black "bugeyes"]
[Result "1-0"]
[WhiteElo "1086"]
[BlackElo "1197"]
[Opening "Colle system"]
[ECO "D05"]
[Time "18:00:13"]
[TimeControl "2700+45"]

1. d4 d5 2. Nf3 e6 3. e3 Nf6 4. Bd3 c5 5. c3 Nc6 6. Nbd2 Bd6 7. e4 dxe4 8. Nxe4
Nxe4 9. Bxe4 O-O 10. Bc2 f5 11. O-O cxd4 12. cxd4 Qc7 13. g3 Bd7 14. d5 Nb4 15.
Nd4 Nxc2 16. Nxc2 exd5 17. Qxd5+ Kh8 18. Nd4 Bc5 19. Ne6 Bxe6 20. Qxe6 Rae8 21.
Qc4 Qb6 22. Bf4 Re2 23. Qxe2 {Black resigns} 1-0

[Event "Team 45 45 League T66"]
[Site "Internet Chess Club"]
[Date "2015.10.10"]
[Round "6"]
[White "GideonL"]
[Black "Uku"]
[Result "1-0"]
[WhiteElo "1485"]
[BlackElo "1306"]
[Opening "Vienna game"]
[ECO "C25"]
[Time "18:00:17"]
[TimeControl "2700+45"]

1. e4 e5 2. Nc3 Bc5 3. Nf3 Nf6 4. Bc4 d6 5. O-O Bg4 6. h3 Bh5 7. d3 Nc6 8. Bg5
h6 9. Be3 Bxe3 10. fxe3 Qd7 11. Nd5 O-O-O 12. a4 Nxd5 13. exd5 Ne7 14. Bb5 Qf5
15. e4 Qf6 16. Qd2 g5 17. Nh2 Qg6 18. b4 a6 19. Bc4 g4 20. hxg4 Bxg4 21. Nxg4
Qxg4 22. Rxf7 Rde8 23. b5 Rhg8 24. bxa6 bxa6 25. Bxa6+ Kd8 26. Rb1 Qg6 27. Rb8+
Kd7 28. Bb5+ c6 29. dxc6+ Ke6 30. Bc4+ d5 31. exd5+ Kd6 32. Qb4+ Kc7 33. Rb7+
Kc8 34. Rb8+ Kc7 35. Qb6+ Kd6 36. c7+ Kd7 37. Bb5+ Qc6 38. Bxc6+ Kd6 39. Rf6#
{Black checkmated} 1-0

[Event "Team 45 45 League T66"]
[Site "Internet Chess Club"]
[Date "2015.10.11"]
[Round "6"]
[White "Striker3000"]
[Black "guyd52"]
[Result "1-0"]
[WhiteElo "1437"]
[BlackElo "1349"]
[Opening "Pirc: classical (two knights) system"]
[ECO "B07"]
[Time "19:00:35"]
[TimeControl "2700+45"]

1. e4 d6 2. d4 g6 3. Nc3 Bg7 4. Nf3 Nf6 5. Bc4 O-O 6. Be3 Nbd7 7. O-O c6 8. Qd2
Ng4 9. Bf4 e5 10. dxe5 Ndxe5 11. Nxe5 Bxe5 12. Bxe5 Nxe5 13. Bb3 Kg7 14. Rad1
Bh3 15. Qe3 Qh4 16. Qxh3 Qxh3 17. gxh3 Rad8 18. f4 Nd7 19. Rxd6 Nc5 20. Rfd1
Rxd6 21. Rxd6 Nxb3 22. cxb3 f6 23. Rd7+ Rf7 24. Rxf7+ Kxf7 25. Kf2 Ke6 26. Ke3
b6 27. Kd4 h6 28. h4 f5 29. e5 Kd7 30. b4 a6 31. a4 Kc7 32. b5 axb5 33. axb5 c5+
34. Kd5 Kd7 35. Na4 Kc7 36. e6 c4 37. Nxb6 Kxb6 38. e7 Kxb5 39. e8=Q+ Kb4 40.
Qb8+ Ka4 41. Kxc4 Ka5 42. Qb5# {Black checkmated} 1-0

[Event "Team 45 45 League T66"]
[Site "Internet Chess Club"]
[Date "2015.10.10"]
[Round "6"]
[White "Conjurer"]
[Black "Jiawen5"]
[Result "1-0"]
[WhiteElo "1219"]
[BlackElo "1073"]
[Opening "Queen's pawn, Mason variation"]
[ECO "D00"]
[Time "14:01:30"]
[TimeControl "2700+45"]

1. d4 d5 2. Bf4 Nc6 3. Nf3 Bf5 4. e3 e6 5. Bd3 Bg6 6. O-O Bd6 7. Ne5 f6 8. Bxg6+
hxg6 9. Nxg6 Rh7 10. Qg4 Bxf4 11. Qxe6+ Nge7 12. exf4 Qd6 13. Re1 Qxe6 14. Rxe6
Rh6 15. f5 Rd8 16. Nd2 Nxd4 17. Rxe7# {Black checkmated} 1-0

[Event "Team 45 45 League T66"]
[Site "Internet Chess Club"]
[Date "2015.10.10"]
[Round "6"]
[White "princevultan2"]
[Black "WzeroMN"]
[Result "1-0"]
[WhiteElo "1186"]
[BlackElo "1063"]
[Opening "Ruy Lopez: Caro variation"]
[ECO "C70"]
[Time "11:01:12"]
[TimeControl "2700+45"]

1. e4 e5 2. Nf3 Nc6 3. Bb5 a6 4. Ba4 b5 5. Bb3 Nf6 6. Qe2 Bc5 7. O-O O-O 8. d3
Qe8 9. Be3 Bxe3 10. fxe3 d6 11. Nbd2 Be6 12. Bxe6 Qxe6 13. d4 exd4 14. exd4 d5
15. Rfe1 Rae8 16. e5 Ne4 17. Nxe4 dxe4 18. Qxe4 f5 19. Qe3 Nb4 20. Ng5 Qg6 21.
Qb3+ Kh8 22. Qxb4 Qxg5 23. Qa5 f4 24. Re2 f3 25. Rf2 fxg2 26. Rxg2 Qe3+ 27. Kh1
Qe4 28. Qxc7 Rf2 29. Qxg7# {Black checkmated} 1-0

[Event "Team 45 45 League T66"]
[Site "Internet Chess Club"]
[Date "2015.10.08"]
[Round "6"]
[White "primerpaso"]
[Black "kidviper"]
[Result "0-1"]
[WhiteElo "1916"]
[BlackElo "1975"]
[Opening "English: Bremen, Smyslov system"]
[ECO "A22"]
[Time "20:09:31"]
[TimeControl "2700+45"]

1. c4 e5 2. Nc3 Nf6 3. g3 Bb4 4. Bg2 O-O 5. e4 c6 6. Nge2 d6 7. O-O Be6 8. b3 d5
9. d3 dxe4 10. dxe4 Qc7 11. Qc2 Na6 12. h3 Bxc3 13. Qxc3 Nd7 14. f4 f6 15. Ba3
Rfd8 16. Rad1 Ndc5 17. Bb2 Rxd1 18. Rxd1 Rd8 19. Rxd8+ Qxd8 20. fxe5 Qd1+ 21.
Bf1 Bxh3 22. Qf3 Qxf1+ 23. Qxf1 Bxf1 24. Kxf1 Nxe4 25. Kg2 Kf7 26. Kf3 Nac5 27.
Ke3 Ng5 28. exf6 gxf6 29. b4 Nd7 30. Kf4 Nb6 31. c5 Nd5+ 32. Kf5 Ne6 33. a3 Ne3+
34. Ke4 Nc4 35. Bc1 Kg6 36. Nc3 Ng5+ 37. Kd4 Ne5 38. Ke3 Kf5 39. b5 Ng4+ 40. Kd4
Nf3+ 41. Kc4 Nge5+ 42. Kb3 Nd4+ 43. Ka4 Nd3 44. bxc6 bxc6 45. Be3 Nxc5+ 46. Kb4
Nce6 47. Ka5 Nc2 48. Bxa7 Nxa3 49. Kb4 Nb5 50. Nxb5 cxb5 51. Kxb5 Kg4 52. Bb8
Nd4+ 53. Kc5 Ne2 54. Bd6 Nxg3 55. Kd5 h5 56. Be7 {White resigns} 0-1

[Event "Team 45 45 League T66"]
[Site "Internet Chess Club"]
[Date "2015.10.08"]
[Round "6"]
[White "kidcobra"]
[Black "gokuxxx"]
[Result "1/2-1/2"]
[WhiteElo "1827"]
[BlackElo "1459"]
[Opening "KP: Nimzovich defense"]
[ECO "B00"]
[Time "19:43:06"]
[TimeControl "2700+45"]

1. e4 Nc6 2. Nf3 Nf6 3. e5 Nd5 4. d4 d6 5. c4 Nb6 6. exd6 cxd6 7. Be3 Bf5 8. a3
e6 9. Be2 d5 10. c5 Nc4 11. Bxc4 dxc4 12. Qa4 Bd3 13. Ne5 Be7 14. Nc3 O-O 15.
Nxd3 cxd3 16. Rd1 Rc8 17. Qc4 e5 18. d5 Nd4 19. Bxd4 exd4 20. Qxd4 Bxc5 21. Qxd3
Re8+ 22. Kf1 Qf6 23. Rd2 Bxa3 {Game drawn by mutual agreement} 1/2-1/2